 Dungeon Crawl Stone Soup version 0.29.1-13-g9f3cf754e1 (webtiles) character file.

Game seed: 169522329725287286

24 croobank the Sneak (level 3, -5/26 HPs)
             Began as an Octopode Delver on Feb 11, 2023.
             Slain by Sigmund
             ... wielding a +0 scythe
              (8 damage)
             ... on level 3 of the Dungeon.
             The game lasted 00:02:47 (868 turns).

croobank the Sneak (Octopode Delver)                 Turns: 868, Time: 00:02:47

Health: -5/26      AC:  1    Str: 11    XL:     3   Next: 2%
Magic:  3/3        EV: 13    Int: 14    God:
Gold:   62         SH:  0    Dex: 13    Spells: 2/2 levels left

rFire   . . .      SeeInvis .   a - +0 hand axe
rCold   . . .      Faith    .   (no shield)
rNeg    . . .      Spirit   .   j - +0 hat
rPois   .          Reflect  .   (no amulet)
rElec   .          Harm     .   (no ring)
rCorr   .          Rampage  .   (no ring)
Will    .....                   (no ring)
Stlth   ++........              (no ring)
HPRegen 0.08/turn               (no ring)
MPRegen 0.08/turn               (no ring)
                                (no ring)
                                (no ring)

@: confused, on berserk cooldown, slowed, very slow
A: almost no armour, amphibious, 8 rings, camouflage 1, gelatinous body 1,
(nimble swimmer 1), tentacles
a: no special abilities


You were on level 3 of the Dungeon.
You visited 1 branch of the dungeon, and saw 6 of its levels.

You collected 62 gold pieces.

Inventory:

Hand Weapons
 a - a +0 hand axe (weapon)
 i - a +0 dagger
Armour
 j - a +0 hat (worn)
 q - a +2 buckler
Wands
 f - a wand of digging (3)
Scrolls
 b - a scroll of fog
 c - 3 scrolls of magic mapping
 d - a scroll of fear
 g - 2 scrolls of enchant armour {unknown}
 h - a scroll of summoning {unknown}
 k - a scroll of vulnerability {unknown}
 l - a scroll of identify {unknown}
 m - a scroll of enchant weapon {unknown}
Potions
 e - a potion of haste
 o - a potion of degeneration {unknown}
 p - a potion of brilliance {unknown}


   Skills:
 + Level 3.3 Fighting
 + Level 2.3 Axes
 + Level 2.3 Dodging
 + Level 6.9 Stealth
 * Level 0.0 Shields


You had 2 spell levels left.
You didn't know any spells.
Your spell library was empty.

Dungeon Overview and Level Annotations

Branches:
Dungeon (7/15)
 Temple: D:4-7

Altars:
Cheibriados

Annotations:
D:3 Grinder, Sigmund


Innate Abilities, Weirdness & Mutations

You cannot wear most types of armour.
You are amphibious.
You can wear up to eight rings at the same time.
Your skin changes colour to match your surroundings (Stealth+).
Your rubbery body absorbs attacks. (AC +1, EV +1)
((You are camouflaged when in or above water. (Stealth+)))
You have tentacles for arms and can constrict up to eight enemies at once.


Message History

Unknown command.
Sigmund points at you and mumbles some strange words.
You are more confused.
Sigmund gestures at you while chanting.
You are more confused.
It was a potion of berserk rage.
A red film seems to cover your vision as you go berserk!
You feel yourself moving faster!
You feel mighty! Sigmund casts a spell at you.
You are more confused.
You feel a strong urge to attack something.
The endoplasm quivers.
You slash Sigmund!
Sigmund is moderately wounded.
Sigmund closely misses you.
You bump into the rock wall.
You hit Sigmund.
Sigmund is heavily wounded.
Sigmund completely misses you.
You feel a strong urge to attack something.
You are no longer berserk.
You are exhausted.
You feel yourself slow down. Sigmund hits you with a +0 scythe.
Sigmund casts a spell.
Sigmund flickers and vanishes!
Deactivating autopickup; reactivate with Ctrl-A.
You hear some strange, mumbled words.
You are more confused.
The rat completely misses you. The rat closely misses you. Something hits you!
Ouch! That really hurt!
* * * LOW HITPOINT WARNING * * *
There is a stone staircase leading up here.
The rat misses you. The endoplasm freezes you.
You are frozen.
* * * LOW HITPOINT WARNING * * *
The endoplasm barely misses you. Something hits you!
You die...

............#...#... ..
............#.......
.##...###...##....#.......
.......#...........#.......
.........#.....###........)..
.........#.....# #.#.#######.
...............###.#.# #....
#........{#.#.....#.####...†
#.........r@..#.............
####.........J...#.............
#................#.............
5.#..............#.......####....
.....?...........#.#.....# #....
...........###.#.#.......# #....
...............#.#.#.....####....
..........)....#.........#.......
....................##...........


You could see an endoplasm and a rat.

Vanquished Creatures
  An adder (D:3)
  A worm (D:3)
  An endoplasm (D:3)
  A giant cockroach (D:4)
  2 hobgoblins
  A frilled lizard (D:3)
  3 goblins
  A kobold (D:4)
  2 rats (D:3)
13 creatures vanquished.

Notes
Turn   | Place    | Note
-------+----------+-------------------------------------------
     0 | D:5      | croobank the Octopode Delver began the quest for the Orb.
     0 | D:5      | Reached XP level 1. HP: 16/16 MP: 1/1
    84 | D:7      | Noticed a centaur
   130 | D:6      | Noticed an ogre
   131 | D:6      | Noticed a jelly
   535 | D:3      | Reached XP level 2. HP: 21/21 MP: 2/2
   706 | D:3      | Found a snail-covered altar of Cheibriados.
   842 | D:3      | Reached XP level 3. HP: 21/26 MP: 3/3
   843 | D:3      | Noticed Sigmund
   845 | D:3      | Noticed Grinder
   868 | D:3      | Slain by Sigmund

Illustrated notes

Levels and vault maps discovered:
D:2:      layout_loops_ring, minivault_14, nicolae_grassy_gnolls
D:3:      layout_basic, nicolae_ru_the_path_less_chosen, cheibriados_altar_1,
          mainiacjoe_overflow_concentric_impassable,
          dreamdust_ecumenical_altar_angels_and_demons, uniq_sigmund,
          uniq_grinder
D:4:      layout_loops_corners, mainiacjoe_overflow_catwalk_spiral,
          minmay_temple_entry_junction_2, gammafunk_ghost_arena,
          minmay_misc_feat_nine_boxes, sigmund_army, uniq_menkaure, uniq_natasha
D:5:      layout_loops_corners, chequers_temple_overflow_statue_of_worship
D:6:      layout_basic, nemelex_spade_bored_becter, kennysheep_little_box
D:7:      layout_loops_ring, uniq_maggie

Action                   || total
-------------------------++-------
Melee: Hand axe          ||    26
       Constrict         ||     6
       Tentacles         ||     1
  Use: Potion            ||     1
 Stab: Sleeping          ||     6
Armor: Skin              ||     2
Dodge: Dodged            ||    15
